 Dungeon Crawl Stone Soup version 0.25.1-2-g60ff931df9 (webtiles) character file.

Game seed: 16331091061503470059

4851 funkygono the Destroyer (level 10, -6/73 HPs)
             Began as a Black Draconian Conjurer on Oct 11, 2020.
             Was a Believer of Vehumet.
             Mangled by an orc warrior
             ... wielding a +0 halberd
              (10 damage)
             ... on level 8 of the Dungeon on Oct 12, 2020.
             The game lasted 00:21:05 (9890 turns).

funkygono the Destroyer (Black Draconian Conjurer)  Turns: 9890, Time: 00:21:06

Health: -6/73      AC: 13    Str: 10    XL:     10   Next: 25%
Magic:  21/31      EV: 15    Int: 18    God:    Vehumet [**....]
Gold:   378        SH:  0    Dex: 13    Spells: 15/26 levels left

rFire    . . .     SeeInvis .   v - +2 whip (holy)
rCold    . . .     Gourm    .   (no shield)
rNeg     . . .     Faith    .   (armour unavailable)
rPois    +         Spirit   .   j - +1 hat
rElec    +         Reflect  .   p - +1 cloak
rCorr    .         Harm     .   w - +0 pair of gloves
MR       .....                  d - +1 pair of boots
Stlth    ++........             y - amulet of magic regeneration
HPRegen  0.22/turn              g - ring of poison resistance
MPRegen  0.47/turn              r - ring of magical power

@: no status effects
A: breathe lightning, unfitting armour, electricity resistance, cold-blooded, AC
+7
a: Breathe Lightning, Renounce Religion


You were on level 8 of the Dungeon.
You worshipped Vehumet.
Vehumet was pleased with you.
You were not hungry.

You visited 2 branches of the dungeon, and saw 9 of its levels.

You collected 378 gold pieces.

Inventory:

Hand Weapons
 a - a +2 whip
 v - a +2 whip of holy wrath (weapon)
 x - the +5 falchion "Qasubrink" {holy, Str+3 Dex+3, unknown}
   (You found it on level 8 of the Dungeon)

   It has been blessed by the Shining One to cause great damage to the undead
   and demons.
   It affects your strength (+3).
   It affects your dexterity (+3).
Armour
 d - a +1 pair of boots (worn)
 j - a +1 hat (worn)
 p - a +1 cloak (worn)
 w - a +0 pair of gloves (worn)
Jewellery
 g - a ring of poison resistance (left hand)
 r - a ring of magical power (right hand)
 y - an amulet of magic regeneration (around neck)
Wands
 c - a wand of random effects (20)
 n - a wand of iceblast (6)
 q - a wand of flame (11)
Scrolls
 h - 2 scrolls of remove curse
 l - 2 scrolls of teleportation
 u - a scroll of identify
Potions
 e - 2 potions of stabbing
 f - 4 potions of curing
 i - a potion of invisibility {unknown}
 k - a potion of flight {unknown}
 m - a potion of heal wounds
 s - 2 potions of haste {unknown}
 t - a potion of lignification {unknown}
Comestibles
 b - 13 rations
 o - 11 chunks of flesh


   Skills:
 + Level 1.8 Fighting
 + Level 2.4 Maces & Flails
 + Level 5.4 Dodging
 - Level 3.1 Stealth
 + Level 8.5 Spellcasting
 + Level 9.0 Conjurations
 + Level 3.5 Hexes
 + Level 4.6 Air Magic


You had 15 spell levels left.
You knew the following spells:

 Your Spells              Type           Power        Failure   Level  Hunger
a - Magic Dart            Conj           ####         1%          1    None
b - Searing Ray           Conj           #####.       1%          2    None
c - Dazzling Flash        Conj/Hex       ####..       2%          3    None
d - Fulminant Prism       Conj/Hex       ####......   7%          4    ###....
e - Shock                 Conj/Air       ####         1%          1    None

Your spell library contained the following spells:

 Spells                   Type           Power        Failure   Level  Hunger
 Foxfire                  Conj/Fire      ###.         1%          1    None
 Iskenderun's Mystic Bla  Conj/Tloc      ###.....     14%         4    ###....


Dungeon Overview and Level Annotations

Branches:
Dungeon (8/15)             Temple (1/1) D:5
   Lair: D:8-11

Altars:
Ashenzari
Cheibriados
Dithmenos
Elyvilon
Fedhas
Gozag
Hepliaklqana
Kikubaaqudgha
Makhleb
Nemelex Xobeh
Okawaru
Qazlal
Ru
Sif Muna
Trog
Uskayaw
Vehumet
Wu Jian
Xom
Yredelemnul
Zin
The Shining One

Shops:
D:8 [

Annotations:
D:4 2 runed translucent doors, Dicemaster's ghost, novice GnWr


Innate Abilities, Weirdness & Mutations

You can breathe wild blasts of lightning.
Your glossy black scales are hard. (AC +7)
You cannot fit into any form of body armour.
You are resistant to electric shocks. (rElec)
You are cold-blooded and may be slowed by cold attacks.


Message History

Vehumet accepts your kill.
The blast of energy engulfs the orc warrior!
The orc warrior is severely wounded.
Casting: Fulminant Prism (dangerous; 7% risk of failure)
Confirm with . or Enter, or press ? or * to list all spells.
Aiming: Searing Ray (safe; 1% risk of failure)
Press: ? - help, Shift-Dir - straight line, f - orc warrior
Aim: an orc warrior, wielding a +0 halberd and wearing a +0 plate armour (severely wounded)
The searing ray hits the orc warrior.
The orc warrior is severely wounded. (Press . to maintain the ray.)
The orc warrior misses you.
The searing ray hits the orc warrior.
The orc warrior is almost dead.
The orc warrior hits you from afar with a +0 halberd!!
* * * LOW HITPOINT WARNING * * *
The searing ray hits the orc warrior but does no damage.
The orc warrior is almost dead.
The orc warrior hits you from afar with a +0 halberd!
You die...

##### #####..(#
#...#...# #...#...#
###### #.).....#
#.@..#
##)).....######.##.#
...#.....##(..o.##.#
...+.....'()...>...#
...#(...)##.########
...#.....##.#
...#.....##..
...#.....####.
.......... '#


You could see an orc warrior.

Vanquished Creatures
  Erica (D:8)
  Joseph (D:8)
  A hippogriff (D:6)
  Eustachio (D:5)
  Menkaure (D:6)
  An orc warrior (D:7)
  3 ice beasts
  9 ogres
  3 centaurs
  A crocodile (D:8)
  5 bullfrogs
  3 scorpions
  A water moccasin skeleton (D:8)
  5 howler monkeys
  2 crimson imps
  A hound (D:6)
  2 jellies (D:6)
  11 orc priests
  A gnoll shaman (D:8)
  3 orc wizards
  Ijyb (D:5)
  8 worker ants
  Terence (D:2)
  3 iguanas
  A worker ant zombie (D:8)
  16 gnolls
  11 adders
  3 shadow imps
  2 oozes (D:3)
  An adder skeleton (D:5)
  A worm (D:2)
  A dart slug (D:2)
  5 leopard geckos
  16 orcs
  2 ball pythons
  9 giant cockroaches
  4 hobgoblins (D:1)
  9 jackals
  2 quokkas
  10 bats
  2 frilled lizards
  9 goblins
  A jackal skeleton (D:8)
  10 kobolds
  A quokka skeleton (D:8)
  4 rats
189 creatures vanquished.

Vanquished Creatures (others)
  4 fulminant prisms
4 creatures vanquished.

Grand Total: 193 creatures vanquished

Notes
Turn   | Place    | Note
-------+----------+-------------------------------------------
     0 | D:1      | funkygono the Draconian Conjurer began the quest for the
                  | Orb.
     0 | D:1      | Reached XP level 1. HP: 14/14 MP: 3/3
   296 | D:1      | Reached XP level 2. HP: 20/20 MP: 1/5
   304 | D:1      | Learned a level 2 spell: Searing Ray
  1166 | D:2      | Reached XP level 3. HP: 26/26 MP: 2/6
  1675 | D:2      | Found a basalt altar of Yredelemnul.
  1941 | D:2      | Noticed Terence
  1950 | D:2      | Killed Terence
  1950 | D:2      | Reached XP level 4. HP: 33/33 MP: 2/8
  1957 | D:2      | Learned a level 3 spell: Dazzling Flash
  2340 | D:3      | Reached skill level 5 in Conjurations
  3177 | D:4      | Reached XP level 5. HP: 6/38 MP: 0/10
  3512 | D:4      | Noticed an ice beast
  3517 | D:4      | Killed an ice beast
  3596 | D:4      | Noticed an ogre
  3600 | D:4      | Killed an ogre
  3600 | D:4      | Reached XP level 6. HP: 40/45 MP: 6/12
  3611 | D:4      | Reached skill level 1 in Hexes
  3937 | D:4      | Found a sacrificial altar of Ru.
  3984 | D:4      | Your scales start taking on a glossy black colour.
  3984 | D:4      | Reached XP level 7. HP: 16/50 MP: 0/14
  3984 | D:4      | Gained mutation: You are resistant to electric shocks.
                  | (rElec) [Black Draconian growth]
  4641 | D:4      | Reached skill level 6 in Conjurations
  4709 | D:4      | Reached skill level 5 in Spellcasting
  5064 | D:4      | Found a large runed translucent door.
  5064 | D:4      | Found a large runed translucent door.
  5064 | D:4      | Noticed Dicemaster's ghost (novice GnWr)
  5154 | D:5      | Entered Level 5 of the Dungeon
  5253 | D:5      | Reached skill level 1 in Maces & Flails
  5476 | D:6      | Noticed a hippogriff
  5482 | D:6      | Killed a hippogriff
  5482 | D:6      | Reached XP level 8. HP: 57/57 MP: 9/16
  5545 | D:5      | Found a staircase to the Ecumenical Temple.
  5772 | D:5      | Noticed Ijyb
  5777 | D:5      | Noticed Eustachio
  5780 | D:5      | Killed Ijyb
  5932 | D:5      | Reached skill level 7 in Conjurations
  5933 | D:5      | Found a blossoming altar of Fedhas.
  5974 | D:5      | Killed Eustachio
  6296 | Temple   | Entered the Ecumenical Temple
  6454 | Temple   | Became a worshipper of Vehumet
  6612 | D:6      | Noticed Menkaure
  6619 | D:6      | Killed Menkaure
  6945 | D:6      | Reached skill level 1 in Fighting
  7142 | D:6      | Reached XP level 9. HP: 27/64 MP: 11/19
  7156 | D:6      | Learned a level 4 spell: Fulminant Prism
  8316 | D:7      | Reached skill level 5 in Dodging
  8670 | D:7      | Reached * piety under Vehumet
  8670 | D:7      | Offered knowledge of Shock by Vehumet.
  8675 | D:7      | Learned a level 1 spell: Shock
  9084 | D:7      | Reached skill level 8 in Conjurations
  9084 | D:7      | Reached skill level 1 in Air Magic
  9368 | D:8      | Noticed Erica
  9379 | D:8      | Killed Erica
  9379 | D:8      | Reached ** piety under Vehumet
  9379 | D:8      | Reached XP level 10. HP: 49/73 MP: 7/22
  9380 | D:8      | Offered knowledge of Foxfire by Vehumet.
  9662 | D:8      | Got a shimmering falchion
  9669 | D:8      | Found a sparkling altar of Nemelex Xobeh.
  9682 | D:8      | Found a shattered altar of Ashenzari.
  9685 | D:8      | Found a glowing golden altar of the Shining One.
  9762 | D:8      | Found Qifah's Antique Armour Shoppe.
  9775 | D:8      | Noticed Joseph
  9799 | D:8      | Killed Joseph
  9850 | D:8      | Reached skill level 9 in Conjurations
  9890 | D:8      | Mangled by an orc warrior

Illustrated notes

Levels and vault maps discovered:
D:1:      wander_arrival_desolate, layout_basic, ebering_dispersal_statue_hall,
          kennysheep_crisscross, minmay_misc_feat_pillars
D:2:      layout_loops_corners, yredelemnul_altar_generic, minmay_pentomino_t2,
          uniq_terence
D:3:      minmay_wonky_spiral, layout_rooms, dk_noncrumbling_4
D:4:      layout_loops_corners, nicolae_ru_great_annihilating_truth,
          first_ration, ebering_ghost_disaster_area, kennysheep_boxes
D:5:      layout_basic, fedhas_altar_2, minmay_temple_entry_gardened_gates,
          uniq_eustachio, uniq_ijyb
D:6:      layout_layer_cave, uniq_menkaure
D:7:      layout_loops_ring, grunt_ogre_cave
D:8:      layout_basic, grunt_temple_overflow_open, serial_shops, shop,
          nemelex_spade_bored_becter, uniq_maggie, uniq_erica, uniq_joseph
Temple:   regret_index_temple_sphere_string

Skill      XL: |  1  2  3  4  5  6  7  8  9 10 |
---------------+-------------------------------+-----
Dodging        | 2 3 4 5 |  5.4
Conjurations   | 5 6 7 8 9 |  9.0
Spellcasting   | 3 4 5 6 8 |  8.5
Stealth        | 2 3 |  3.1
Hexes          | 1 2 3 |  3.5
Maces & Flails | 2 |  2.4
Fighting       | 1 |  1.8
Air Magic      | 3 4 |  4.6

Action                   |  1- 3 |  4- 6 |  7- 9 | 10-12 || total
-------------------------+-------+-------+-------+-------++-------
Melee: Whip              |    18 |    27 |    12 |     6 ||    63
       Tailslap          |     1 |     1 |     1 |       ||     3
 Cast: Magic Dart        |    61 |    48 |    74 |     1 ||   184
       Searing Ray       |     3 |    19 |    57 |    12 ||    91
       Dazzling Flash    |       |       |     2 |       ||     2
       Shock             |       |       |    44 |    50 ||    94
       Fulminant Prism   |       |       |     2 |     2 ||     4
  Use: Scroll            |     2 |     5 |     7 |       ||    14
       Potion            |       |       |     1 |     1 ||     2
 Stab: Invisible         |       |       |     1 |       ||     1
  Eat: Chunk             |     4 |     7 |    10 |     2 ||    23
       Ration            |       |       |     2 |       ||     2
Armor: Skin              |     5 |    17 |    63 |     7 ||    92
Dodge: Dodged            |    22 |    24 |    88 |    25 ||   159
